[Event "Stay Safe Play From Home 330"]
[Site "Mustafa Kemal Atatürk"]
[Date "2020.07.24"]
[Round "3"]
[White "Kongle"]
[Black "Arimurakami"]
[Result "1-0"]
[WhiteElo "1630"]
[BlackElo "1145"]
[Annotator "NA"]
[PlyCount "49"]
[EventDate "2020.07.24"]
[EventType "swiss (blitz)"]
[TimeControl "180+2"]

1. e4 e5 2. Nf3 Nc6 3. Bc4 Nf6 4. Nc3 a6 5. d3 b5 6. Bb3 Bd6 7. Bg5 h6 8. Bh4 Be7 9. a4 Bb7 10. axb5 axb5 11. Rxa8 Bxa8 12. Nxb5 g5 13. Bg3 Qb8 14. Qa1 O-O 15. Nc3 Qb6 16. Nxe5 Nxe5 17. Bxe5 Ng4 18. Bg3 Kh8 19. O-O f5 20. exf5 Qc6 21. Bd5 Qc5 22. Bxa8 c6 23. b4 Qxf5 24. Nd5+ Nf6 25. Nxe7 {[%emt 0:00:03] TimeB} 1-0